 Dungeon Sprint DCSS version 0.20-a0-556-g892c87b (webtiles) character file.

2244 Kidiri the Eclecticist (level 9, -4/52 HPs)
             Began as a Deep Elf Fire Elementalist on Feb 4, 2017.
             Was a Believer of Vehumet.
             Slain by a demonic crawler (7 damage)
             ... in the Dungeon (Sprint I: "Red Sonja").
             The game lasted 00:06:25 (1574 turns).

Kidiri the Eclecticist (Deep Elf Fire Elementalist) Turns: 1574, Time: 00:06:27

Health: -4/52      AC:  6    Str:  5    XL:     9   Next: 14%
Magic:  24/31      EV: 16    Int: 24    God:    Vehumet [**....]
Gold:   255        SH:  0    Dex: 15    Spells: 21/40 levels left

rFire    + . .     SeeInvis .     - Unarmed
rCold    + . .     Gourm    .   c - +0 robe {rC+ rF+}
rNeg     . . .     Faith    .   (no shield)
rPois    .         Spirit   .   (no helmet)
rElec    .         Reflect  .   l - +1 cloak
rCorr    .         Harm     .   m - +1 pair of gloves
MR       .....     NoTele   +   (no boots)
Stlth    ++........             (no amulet)
Regen    0.2/turn               (no ring)
                                (no ring)

@: very slightly contaminated, hasted, very quick
A: no striking features
a: Renounce Religion


You were in the Dungeon.
You worshipped Vehumet.
Vehumet was pleased with you.
You were not hungry.

You visited 1 branch You collected 865 gold pieces.
You spent 610 gold pieces at shops.

Inventory:

Armour
 c - a +0 robe of resistance (worn)
 l - a +1 cloak (worn)
 m - a +1 pair of gloves (worn)
Scrolls
 e - 8 scrolls of identify
Potions
 g - a potion of magic
 h - a potion of berserk rage
 j - 2 potions of agility
Books
 b - a book of Flames

   Spells                             Type                      Level
   a - Flame Tongue                   Conjuration/Fire             1
   b - Throw Flame                    Conjuration/Fire             2
   c - Conjure Flame                  Conjuration/Fire             3
   d - Inner Flame                    Hexes/Fire                   3
   e - Sticky Flame                   Conjuration/Fire             4
   f - Fireball                       Conjuration/Fire             5


   Skills:
 + Level 3.9 Fighting
 + Level 3.7 Armour
 + Level 6.3 Dodging
 - Level 2.4 Stealth
 + Level 3.8 Unarmed Combat
 * Level 16.1 Spellcasting
 + Level 10.0 Conjurations
 + Level 10.5 Fire Magic
 + Level 2.5 Poison Magic


You had 21 spell levels left.
You knew the following spells:

 Your Spells              Type           Power        Failure   Level  Hunger
a - Flame Tongue          Conj/Fire      #####        1%          1    None
b - Throw Flame           Conj/Fire      ######       1%          2    None
c - Conjure Flame         Conj/Fire      ######..     1%          3    None
d - Inner Flame           Hex/Fire       #####...     1%          3    None
e - Sticky Flame          Conj/Fire      ######..     1%          4    None
f - Fireball              Conj/Fire      ######....   1%          5    #......
g - Sting                 Conj/Pois      ####         1%          1    None


Dungeon Overview and Level Annotations

Branches:
Dungeon (1/1)

Altars:
Cheibriados
Dithmenos
Elyvilon
Fedhas
Gozag
Hepliaklqana
Kikubaaqudgha
Makhleb
Nemelex Xobeh
Okawaru
Qazlal
Ru
Sif Muna
Trog
Uskayaw
Vehumet
Xom
Yredelemnul
Zin
The Shining One
Jiyva
Lugonu

Shops:
D (?[


Message History

* * * LOW HITPOINT WARNING * * *
The demonic crawler hits you.
* * * LOW HITPOINT WARNING * * *
The demonic crawler hits you.
* * * LOW HITPOINT WARNING * * *
The demonic crawler hits you.
* * * LOW HITPOINT WARNING * * *
The demonic crawler is engulfed in roaring flames.
The demonic crawler closely misses you. The demonic crawler hits you.
* * * LOW HITPOINT WARNING * * *
The demonic crawler barely misses you.
You feel yourself speed up. The demonic crawler hits you.
* * * LOW HITPOINT WARNING * * *
The demonic crawler hits you.
* * * LOW HITPOINT WARNING * * *
The demonic crawler completely misses you.
The demonic crawler closely misses you. x2
The demonic crawler hits you but does no damage.
The demonic crawler hits you!
You die...

#########################
#<.#..')s#s§'.)#__#.s'...
#..').#.@ss§#..'s.'[.#...
#..#####+#####+#__####...
#..####..#...#.####§§####
#..#__####..##.#≈§§.c
#..#_____##+#..+≈≈§§
#⌠⌠#_.∩...+..._#§≈≈§
####_.[__##_.#+##+###
#_____###+#.#.(..###
############.####+###.##


You could see 4 demonic crawlers.

Vanquished Creatures
  Sonja (D)
  A deep troll (D)
  2 kobold demonologists (D)
  Sigmund (D)
  A slime creature (D)
  A yak (D)
  A floating eye (D)
  An ogre (D)
  A jelly (D)
  Ijyb (D)
  3 ballistomycetes (D)
14 creatures vanquished.

Vanquished Creatures (others)
  A gargoyle (D)
  2 ballistomycete spores (D)
3 creatures vanquished.

Grand Total: 17 creatures vanquished

Notes
Turn   | Place    | Note
-------+----------+-------------------------------------------
     0 | D        | Kidiri the Deep Elf Fire Elementalist began the quest for the Orb.
     0 | D        | Reached XP level 1. HP: 10/10 MP: 6/6
     2 | D        | Noticed Ijyb
     6 | D        | Killed Ijyb
     6 | D        | Reached skill level 6 in Spellcasting
     6 | D        | Reached XP level 2. HP: 15/15 MP: 2/11
    12 | D        | Learned a level 2 spell: Throw Flame
    80 | D        | Noticed an ogre
    84 | D        | Killed an ogre
    84 | D        | Reached skill level 9 in Spellcasting
    84 | D        | Reached skill level 5 in Conjurations
    84 | D        | Reached XP level 3. HP: 19/19 MP: 7/15
    84 | D        | Reached XP level 4. HP: 24/24 MP: 7/17
    89 | D        | Learned a level 3 spell: Conjure Flame
    93 | D        | Learned a level 3 spell: Inner Flame
    98 | D        | Learned a level 4 spell: Sticky Flame
   148 | D        | Noticed Sigmund
   153 | D        | Killed Sigmund
   153 | D        | Reached skill level 11 in Spellcasting
   153 | D        | Reached XP level 5. HP: 11/28 MP: 12/21
   153 | D        | Reached XP level 6. HP: 13/32 MP: 12/22
   160 | D        | Learned a level 5 spell: Fireball
   343 | D        | Found a burning altar of Makhleb.
   343 | D        | Found a shimmering altar of Xom.
   343 | D        | Noticed a slime creature
   344 | D        | Found a viscous altar of Jiyva.
   344 | D        | Found a corrupted altar of Lugonu.
   358 | D        | Killed a slime creature
   358 | D        | Reached skill level 13 in Spellcasting
   413 | D        | Found a deep blue altar of Sif Muna.
   415 | D        | Found a radiant altar of Vehumet.
   442 | D        | Became a worshipper of Vehumet
   518 | D        | Found Heazoczu's Magic Scroll Emporium.
   518 | D        | Found an ancient bone altar of Kikubaaqudgha.
   518 | D        | Found a hazy altar of Hepliaklqana.
   518 | D        | Found a stormy altar of Qazlal.
   518 | D        | Found a hide-covered altar of Uskayaw.
   518 | D        | Found a blossoming altar of Fedhas.
   518 | D        | Found a bloodstained altar of Trog.
   518 | D        | Found an iron altar of Okawaru.
   518 | D        | Found a basalt altar of Yredelemnul.
   518 | D        | Found a glowing golden altar of the Shining One.
   518 | D        | Found a snail-covered altar of Cheibriados.
   518 | D        | Found a sacrificial altar of Ru.
   518 | D        | Found a glowing silver altar of Zin.
   518 | D        | Found a shadowy altar of Dithmenos.
   518 | D        | Found a white marble altar of Elyvilon.
   518 | D        | Noticed a yak
   528 | D        | Killed a yak
   528 | D        | Reached skill level 14 in Spellcasting
   528 | D        | Reached XP level 7. HP: 2/36 MP: 18/26
   536 | D        | Found an opulent altar of Gozag.
   537 | D        | Found a sparkling altar of Nemelex Xobeh.
   813 | D        | Noticed Sonja
   828 | D        | Killed Sonja
   828 | D        | Reached skill level 15 in Spellcasting
   828 | D        | Reached XP level 8. HP: 30/45 MP: 18/29
   829 | D        | Noticed a centaur warrior
  1018 | D        | Killed a gargoyle
  1110 | D        | Found Muluint's Weapon Boutique.
  1285 | D        | Noticed a deep troll
  1295 | D        | Killed a deep troll
  1295 | D        | Reached * piety under Vehumet
  1295 | D        | Offered knowledge of Sting by Vehumet.
  1295 | D        | Reached skill level 5 in Dodging
  1295 | D        | Reached skill level 10 in Fire Magic
  1418 | D        | Found Veisch's Armour Emporium.
  1422 | D        | Bought a cursed +0 cloak for 38 gold pieces
  1422 | D        | Bought a +0 pair of gloves for 49 gold pieces
  1422 | D        | Bought a +0 cloak for 49 gold pieces
  1475 | D        | Bought a scroll of blinking for 90 gold pieces
  1475 | D        | Bought 3 scrolls of identify for 72 gold pieces
  1475 | D        | Bought a scroll of blinking for 90 gold pieces
  1475 | D        | Bought a scroll of identify for 24 gold pieces
  1475 | D        | Bought a scroll of remove curse for 36 gold pieces
  1475 | D        | Bought a scroll of identify for 24 gold pieces
  1475 | D        | Bought a scroll of identify for 24 gold pieces
  1475 | D        | Bought a scroll of identify for 24 gold pieces
  1475 | D        | Bought a scroll of enchant armour for 90 gold pieces
  1483 | D        | Learned a level 1 spell: Sting
  1513 | D        | Noticed a kobold demonologist
  1515 | D        | Noticed a kobold demonologist
  1517 | D        | Noticed an orange demon
  1528 | D        | Killed a kobold demonologist
  1528 | D        | Reached skill level 1 in Poison Magic
  1528 | D        | Reached XP level 9. HP: 51/51 MP: 8/30
  1529 | D        | Killed a kobold demonologist
  1529 | D        | Offered knowledge of Freeze by Vehumet.
  1529 | D        | Reached ** piety under Vehumet
  1529 | D        | Reached skill level 16 in Spellcasting
  1529 | D        | Reached skill level 10 in Conjurations
  1552 | D        | Noticed a demonic crawler
  1552 | D        | Noticed a demonic crawler
  1552 | D        | Noticed a demonic crawler
  1552 | D        | Noticed a demonic crawler
  1567 | D        | HP: 1/52 [demonic crawler (3)]
  1574 | D        | Slain by a demonic crawler

Vault maps used:
D:        dungeon_sprint_1

Skill      XL: |  1  2  3  4  5  6  7  8  9 |
---------------+----------------------------+-----
Spellcasting   | 6 9 11 14 15 16 | 16.1
Conjurations   | 3 5 6 8 9 10 | 10.0
Fire Magic     | 4 6 7 9 10 | 10.5
Fighting       | 2 3 |  3.9
Armour         | 2 3 |  3.7
Dodging        | 4 6 |  6.3
Unarmed Combat | 2 3 |  3.8
Poison Magic   | 1 2 |  2.5
Stealth        | |  2.4

Action                   |  1- 3 |  4- 6 |  7- 9 || total
-------------------------+-------+-------+-------++-------
Melee: Unarmed           |       |     6 |    57 ||    63
       Punch             |       |       |     2 ||     2
 Cast: Flame Tongue      |     7 |     3 |    10 ||    20
       Sticky Flame      |       |     5 |     4 ||     9
       Fireball          |       |       |     7 ||     7
       Conjure Flame     |       |       |     6 ||     6
       Throw Flame       |       |       |     1 ||     1
  Use: Potion            |       |       |     7 ||     7
       Scroll            |       |       |     7 ||     7
 Stab: Sleeping          |       |     2 |       ||     2
  Eat: Bread ration      |       |       |     1 ||     1
Armor: Robe              |       |     1 |    15 ||    16
Dodge: Dodged            |     2 |     4 |    48 ||    54
